 Dungeon Crawl Stone Soup version 0.16.1-5-gaa23807 (webtiles) character file.

177 Iceolator the Insei (level 5, -2/34 HPs)
             Began as an Octopode Transmuter on Mar 28, 2015.
             Slain by a gnoll
             ... wielding a +0 flail
              (4 damage)
             ... on level 3 of the Dungeon.
             The game lasted 00:10:00 (2291 turns).

Iceolator the Insei (Octopode Transmuter)           Turns: 2291, Time: 00:10:00

Health: -2/34      AC:  1    Str:  9    XL:     5   Next: 57%
Magic:  11/11      EV: 12    Int: 17    God:
Gold:   96         SH:  0    Dex: 12    Spells: 3 memorised, 4 levels left

rFire  . . .     SeeInvis .       - Unarmed
rCold  . . .     Clarity  .     (no shield)
rNeg   . . .     SustAb   .     (helmet restricted)
rPois  .         Gourm    .     (no amulet)
rElec  .         Spirit   .     (no ring)
rCorr  .         Warding  .     (no ring)
rMut   .         Stasis   .     (no ring)
MR     .....                    (no ring)
Stlth  +++.......               (no ring)
                                (no ring)
                                (no ring)
                                (no ring)

@: lethally poisoned (-2 -> -5), not resistant to hostile enchantments, fairly
stealthy
A: almost no armour, amphibious, 8 rings, constrict 8, camouflage 1, gelatinous
body 1
a: no special abilities


You were on level 3 of the Dungeon.
You were hungry.

You visited 1 branch of the dungeon, and saw 3 of its levels.

You collected 96 gold pieces.

Inventory:

Missiles
 b - 98 arrows
 k - 19 poisoned needles (quivered)
Scrolls
 c - a scroll of recharging {unknown}
 f - 6 scrolls of identify {unknown}
 g - a scroll of random uselessness {unknown}
 j - 2 scrolls of immolation {unknown}
 l - 2 scrolls of remove curse {unknown}
 m - a scroll of fear {unknown}
 p - 2 scrolls of teleportation {unknown}
 q - a scroll of blinking {unknown}
 s - 2 scrolls of magic mapping {unknown}
Potions
 e - 2 potions of degeneration {unknown}
 h - a potion of invisibility
 i - 4 potions of curing {unknown}
 r - a potion of poison {unknown}
 t - a potion of cancellation {unknown}
 w - a potion of brilliance {unknown}
Books
 d - a book of Changes

   Spells                             Type                      Level
   a - Beastly Appendage              Transmutation                1
   b - Sticks to Snakes               Transmutation                2
   c - Spider Form                    Transmutation/Poison         3
   d - Ice Form                       Ice/Transmutation            4
   e - Blade Hands                    Transmutation                5
Comestibles
 a - a bread ration
 n - 2 meat rations
 o - 2 beef jerkies
 u - 3 fruits
 v - a slice of pizza


   Skills:
 + Level 1.9 Fighting
 - Level 2.0 Dodging
 + Level 3.1 Stealth
 + Level 4.0 Unarmed Combat
 + Level 3.1 Spellcasting
 + Level 2.8 Transmutations


You had 4 spell levels left.
You knew the following spells:

 Your Spells              Type           Power        Failure   Level  Hunger
a - Beastly Appendage     Trmt           ##....       6%          1    None
b - Spider Form           Trmt/Pois      #.........   30%         3    ###....
c - Sticks to Snakes      Trmt           ##........   10%         2    ##.....


Dungeon Overview and Level Annotations

Branches:
Dungeon (3/15)

Altars:
Elyvilon
Ru
Yredelemnul


Innate Abilities, Weirdness & Mutations

You cannot wear most types of armour.
You are amphibious.
You can wear up to eight rings at the same time.
You can use your tentacles to constrict many enemies at once.
Your skin changes colour to match your surroundings (Stealth).
Your rubbery body absorbs attacks (AC +1).


Message History

You constrict the adder.
You feel sick. The adder barely misses you.
You tentacle-slap the adder.
The adder is heavily wounded.
You constrict the adder. The adder misses you. The adder closely misses you.
You tentacle-slap the adder.
You kill the adder!
Your Unarmed Combat skill increases to level 4!
You feel sick.
You tentacle-slap the gnoll. You grab the gnoll.
The gnoll is lightly wounded.
You constrict the gnoll. The gnoll misses you.
You tentacle-slap the gnoll but do no damage.
The gnoll is lightly wounded.
You constrict the gnoll. The gnoll hits you with a flail!
* * * LOW HITPOINT WARNING * * *
You tentacle-slap the gnoll.
The gnoll is moderately wounded.
You constrict the gnoll, but do no damage.
The gnoll hits you with a flail.
You die... . #######.#...#.....##.......# ... #.#^###.#...#.###..........# SJo

#.^.^##.....#.#####........#
gs
#_^..'..##..#......(.......#
go
#^^^^##.....#.###..........#
#o
#^#.###.##..#####..........#
#.
#######.##..........##+#####
###)#######.###..##...(..'..#
#
'...s.....#.....@##.##)..####
# ##.##..s#######g###(#.....#
##### #
#.#..g.....[....#.#...# #....
#.#..####......##.#.#####.###
#.#..# #(...>.##.........#
..#..## #....(.####.#######
#######...# #......##.).#
#.#..##.#.####.....##.###
#.....#.#..# #.....##.#


You could see a gnoll.

Vanquished Creatures
  An orc priest (D:3)
  An orc wizard (D:3)
  Ijyb (D:2)
  A gnoll (D:3)
  4 adders
  A worm (D:3)
  7 orcs
  A ball python (D:3)
  8 bats
  A giant cockroach (D:2)
  2 goblins (D:2)
  7 hobgoblins
  A giant gecko (D:1)
  4 giant newts
  2 jackals (D:3)
  4 kobolds
  6 rats
  A spectral orc (D:3)
53 creatures vanquished.

Notes
Turn   | Place    | Note
--------------------------------------------------------------
     0 | D:1      | Iceolator, the Octopode Transmuter, began the quest for the Orb.
     0 | D:1      | Reached XP level 1. HP: 13/13 MP: 3/3
    85 | D:1      | Found a white marble altar of Elyvilon.
   612 | D:2      | Reached XP level 2. HP: 9/18 MP: 5/5
   768 | D:2      | Reached skill level 1 in Stealth
   787 | D:2      | Noticed Ijyb
   823 | D:2      | Killed Ijyb
   823 | D:2      | Reached XP level 3. HP: 1/23 MP: 6/6
  1188 | D:2      | Learned a level 3 spell: Spider Form
  1191 | D:2      | Learned a level 2 spell: Sticks to Snakes
  1267 | D:3      | Found a sacrificial altar of Ru.
  1314 | D:3      | Reached XP level 4. HP: 3/28 MP: 5/8
  1881 | D:3      | Reached XP level 5. HP: 17/33 MP: 9/11
  1919 | D:3      | Found a basalt altar of Yredelemnul.
  2288 | D:3      | Reached skill level 4 in Unarmed Combat
  2291 | D:3      | Slain by a gnoll

Action                   |  1- 3 |  4- 6 || total
-------------------------+-------+-------++-------
Melee: Unarmed           |    64 |    66 ||   130
 Cast: Spider Form       |     1 |     2 ||     3
       Beastly Appendage |       |     4 ||     4
 Stab: Sleeping          |     3 |     1 ||     4
       Distracted        |       |     1 ||     1
  Eat: Chunk             |     1 |     3 ||     4
